Map: Imperio eterno EE

Players

MrFercho - Winner!

  • Race: Zerg Zerg
  • League: Gold
  • Spawn Location: 1:00

tigro

  • Race: Terran Terran
  • League: Bronze
  • Spawn Location: 7:00

VOD

Have the link to the VOD?

Description

Time

  • Played on: July 24, 2020, 8:31 p.m.
  • Length: 13:44
Show
View Real Time Build Order
Export as new Build Order

MrFercho Zerg - Winner!

Build Orders: Hatch First 

Get SALT Encoding   

  12  0:02  Drone  
  13  0:13  Overlord  
  13  0:17  Drone  
  14  0:31  Drone x2  
  16  0:50  Hatchery  
  16  0:54  Drone  
  16  0:57  Drone  
  16  1:01  Drone  
  18  1:08  Extractor  
  17  1:18  Spawning Pool  
  16  1:20  Drone  
  16  1:22  Drone  
  18  1:29  Drone  
  19  1:39  Drone  
  20  1:50  Overlord  
  20  2:05  Zergling x4  
  20  2:07  Queen x2  
  26  2:11  Drone  
  26  2:14  Metabolic Boost  
  27  2:17  Drone  
  28  2:23  Drone  
  28  2:24  Drone  
  30  2:33  Drone  
  30  2:34  Drone  
  32  2:43  Drone  
  33  2:47  Queen  
  35  2:53  Drone  
  35  2:56  Overlord x2  
  36  3:05  Lair  
  36  3:16  Drone x3  
  36  3:17  Drone x3  
  42  3:21  Drone x2  
  42  3:26  Baneling Nest  
  43  4:07  Drone  
  43  4:08  Overlord x4  
  43  4:09  Centrifical Hooks  
  43  4:47  Extractor  
  43  4:48  Extractor, Drone x3  
  43  4:49  Drone x2  
  43  4:50  Drone  
  47  5:42  Zergling x20  
  57  5:50  Overlord  
  57  6:03  Roach Warren  
  56  6:04  Drone, Evolution Chamber  
  56  6:05  Evolution Chamber, Drone x2  
  56  6:06  Hydralisk Den  
  56  6:08  Baneling x3  
  56  6:09  Baneling x4  
  56  6:10  Baneling x2  
  56  6:11  Baneling x2  
  56  6:13  Drone  
  57  6:22  Extractor  
  56  6:29  Hatchery, Queen  
  56  6:31  Hatchery  
  56  6:33  Zerg Ground Armor Level 1, Zerg Missile Weapons Level 1  
  56  6:37  Muscular Augments  
  56  6:38  Zergling x2  
  56  6:39  Zergling x12  
  63  6:56  Hydralisk x4  
  71  7:37  Hydralisk x6  
  83  7:49  Grooved Spines  
  83  7:53  Hatchery  
  83  7:56  Drone x3  
  86  7:58  Drone  
  86  8:01  Drone x3  
  86  8:02  Drone x7  
  86  8:04  Overlord x2  
  86  8:05  Overlord  
  96  8:13  Lurker Den  
  96  8:17  Hydralisk, Infestation Pit  
  96  8:22  Overlord x4  
  96  8:30  Zerg Missile Weapons Level 2  
  96  8:37  Extractor  
  96  8:38  Drone x3  
  96  8:39  Drone x3  
  101  8:41  Drone  
  101  8:42  Drone x11  
  101  8:43  Extractor  
  111  9:03  Zerg Ground Armor Level 2  
  96  9:43  Zergling x8  
  96  9:44  Zergling x38  
  118  9:59  Overlord x5  
  118  10:00  Hydralisk  
  118  10:01  Hydralisk x4  
  128  10:07  Hatchery  
  122  10:29  Hydralisk x8  
  122  10:30  Hydralisk x8  
  126  10:57  Hydralisk x10  
  126  10:58  Hydralisk x2  
  143  11:07  Hydralisk x3  
  137  11:24  Zergling x14  
  142  11:51  Overseer  
  142  11:52  Hive  
  101  12:55  Zergling x2  
  101  12:56  Zergling x40  
  101  12:57  Zergling x24  
  132  13:14  Lurker x2  
  132  13:19  Zergling x28  
Show
View Real Time Build Order
Export as new Build Order

tigro Terran 

Build Orders:  

Get SALT Encoding   

  12  0:03  SCV  
  13  0:20  SCV  
  14  0:21  Supply Depot  
  14  0:27  Refinery  
  14  0:32  SCV  
  15  0:47  Barracks  
  15  0:48  SCV  
  16  1:00  SCV  
  17  1:12  SCV  
  18  1:24  SCV  
  19  1:29  Supply Depot  
  19  1:33  Refinery  
  19  1:36  Marine  
  20  1:54  Marine  
  20  1:55  Factory  
  20  1:58  SCV  
  22  2:10  SCV  
  22  2:12  Marine  
  24  2:23  SCV  
  25  2:30  Marine  
  25  2:35  SCV  
  27  2:41  Factory Tech Lab  
  27  2:47  SCV  
  27  2:48  Marine  
  29  2:51  Engineering Bay  
  29  3:05  Orbital Command  
  29  3:20  Barracks Tech Lab  
  29  3:31  Starport  
  29  3:37  Siege Tank  
  29  3:39  Combat Shield  
  32  3:47  Marine  
  33  3:52  Terran Infantry Weapons Level 1  
  33  4:05  Marine  
  34  4:20  Medivac  
  34  4:23  Marine  
  37  4:38  Command Center  
  37  4:40  Marine  
  37  4:43  Siege Tank  
  41  4:58  Stimpack, Marine  
  42  5:03  Missile Turret  
  42  5:05  Starport Tech Lab  
  42  5:24  Missile Turret  
  42  5:46  Terran Infantry Armor Level 1, Missile Turret  
  42  5:51  Refinery  
  42  5:55  Armory  
  42  6:01  SCV  
  43  6:13  SCV  
  43  6:15  Missile Turret  
  43  6:17  Marine  
  45  6:25  SCV  
  46  6:34  Marine, Refinery  
  46  6:38  SCV  
  48  6:43  Fusion Core  
  48  6:50  Barracks, SCV  
  48  6:52  Marine  
  50  7:02  SCV  
  51  7:14  SCV  
  52  7:26  SCV  
  53  7:38  SCV  
  53  7:39  Barracks Reactor, Supply Depot  
  53  7:41  Hi-Sec Auto Tracking  
  54  7:48  Battlecruiser  
  60  7:58  SCV  
  61  8:02  Supply Depot  
  61  8:10  SCV  
  62  8:18  Thor  
  68  8:22  SCV  
  69  8:34  SCV  
  69  8:38  Neosteel Armor  
  70  8:52  Medivac  
  72  9:09  Command Center  
  72  9:16  Starport  
  72  9:23  Weapon Refit  
  72  9:27  Terran Vehicle Weapons Level 1  
  72  9:30  Thor  
  78  9:37  Marine x3  
  53  9:55  Marine x3  
  53  9:58  Starport Tech Lab  
  56  10:13  Marine x3  
  56  10:16  Planetary Fortress  
  56  10:17  Terran Infantry Weapons Level 2  
  41  10:30  Marine  
  41  10:31  Marine x2  
  35  10:48  Marine  
  35  10:49  Marine x2  
  26  11:03  Rapid Reignition System  
  22  11:06  Marine x3  
  24  11:15  Thor  
  28  11:24  Marine x3  
  31  11:27  SCV  
  32  11:39  SCV  
  33  11:42  Marine x3  
  36  11:51  SCV  
  37  12:00  Marine x3  
  37  12:11  Medivac  
  36  12:17  Marine  
  36  12:18  Marine x2  
  21  12:35  Marine x3  
  5  12:53  Marine x2  
Tags
 
Matchup
TvZ
Replay Pack
MrFercho
Spawn Locations
Cross Positions
Add a new tag
Caveats
  • Supply blocks, unpowered buildings, or Contaminate may cause inaccurate times.
  • Supply counts are checked every 10 seconds.